 Dungeon Crawl Stone Soup version 0.31-a0-859-g9dce7d3444 (webtiles) character file.

Game seed: 8982416075580403321

424 Azuregosa the Covert (level 6, -13/42 HPs)
             Began as an Octopode Delver on Oct 9, 2023.
             Was an Initiate of Hepliaklqana.
             Killed by divine providence
             ... invoked by an orc priest
              (15 damage)
             ... on level 5 of the Dungeon.
             The game lasted 00:19:44 (3274 turns).

Azuregosa the Covert (Octopode Delver)              Turns: 3274, Time: 00:19:45

Health: -13/42     AC:  5    Str: 13    XL:     6   Next: 96%
Magic:  10/10      EV: 13    Int: 13    God:    Hepliaklqana [......]
Gold:   147        SH:  0    Dex: 13    Spells: 8/10 levels left

rFire   . . .        y - +0 long sword
rCold   . . .        (no shield)
rNeg    . . .        (helmet restricted)
rPois   .            (no amulet)
rElec   .            x - +4 ring of protection
rCorr   .            (no ring)
SInv    .            (no ring)
Will    .....        (no ring)
Stlth   +++++        (no ring)
HPRegen 0.27/turn    (no ring)
MPRegen 0.12/turn    (no ring)
                     (no ring)

%: no passive effects
@: no status effects
A: almost no armour, amphibious, 8 rings, camouflage 1, gelatinous body 1,
(nimble swimmer 1), tentacles
a: Renounce Religion


You were on level 5 of the Dungeon.
You worshipped Hepliaklqana.
Hepliaklqana was noncommittal.
You visited 1 branch of the dungeon, and saw 5 of its levels.

You collected 147 gold pieces.

Inventory:

Hand Weapons
 a - a +0 falchion
 k - a +1 whip of electrocution
 q - a +1 dagger of venom
 t - a +0 falchion
 u - a +3 short sword of speed
 y - a +0 long sword (weapon)
Magical Staves
 h - a staff of fire
 o - a staff of fire
Jewellery
 x - a +4 ring of protection (left tentacle)
Wands
 f - a wand of digging (3)
 g - a wand of flame (30)
Scrolls
 b - a scroll of fog
 c - a scroll of revelation
 e - a scroll of enchant armour
 i - 2 scrolls of blinking
 p - a scroll of noise {unknown}
 s - a scroll of fear
Potions
 d - 5 potions of curing
 j - a potion of magic {unknown}
 l - 3 potions of lignification
 n - a potion of heal wounds {unknown}
 r - a potion of might {unknown}
 v - a potion of enlightenment {unknown}
 w - a potion of berserk rage {unknown}


   Skills:
 + Level 3.4 Fighting
 + Level 2.5 Long Blades
 - Level 2.0 Dodging
 - Level 10.0 Stealth
 + Level 2.9 Spellcasting
 + Level 1.2 Translocations


You had 8 spell levels left.
You knew the following spells:

 Your Spells              Type           Power      Damage    Failure   Level
a - Blink                 Tloc           10%        N/A       21%         2

Your spell library contained the following spells:

 Spells                   Type           Power      Damage    Failure   Level
 Lesser Beckoning         Tloc           10%        N/A       21%         2
 Kiss of Death            Conj/Necr      4%         2d5       24%         1
 Momentum Strike          Conj/Tloc      6%         3d8       26%         2
 Ensorcelled Hibernation  Hex/Ice        2%         N/A       34%         2
 Jinxbite                 Hex            2%         N/A       34%         2
 Volatile Blastmotes      Fire/Tloc      6%         2d10      47%         3
 Confusing Touch          Hex            1%         N/A       56%         3
 Dazzling Flash           Conj/Hex       2%         N/A       56%         3
 Tukima's Dance           Hex            1%         N/A       56%         3
 Dimensional Bullseye     Hex/Tloc       1%         N/A       87%         4
 Iskenderun's Mystic Bla  Conj/Tloc      3%         2d3       87%         4
 Anguish                  Hex/Necr       0%         N/A       93%         4
 Dispel Undead            Necr           1%         3d6       93%         4
 Starburst                Conj/Fire      0%         6d3       100%        6
 Maxwell's Capacitive Co  Air            0%         ∞         100%        8


Dungeon Overview and Level Annotations

Branches:
Dungeon (5/15)             Temple (0/1) D:4

Altars:
Ashenzari
Gozag
Hepliaklqana
Nemelex Xobeh
Uskayaw
Wu Jian
Yredelemnul

Shops:
D:2 (


Innate Abilities, Weirdness & Mutations

You cannot wear most types of armour.
You are amphibious.
You can wear up to eight rings at the same time.
Your skin changes colour to match your surroundings (Stealth+).
Your rubbery body absorbs attacks. (AC +1, EV +1)
((You are camouflaged when in or above water. (Stealth+)))
You have tentacles for arms and can constrict up to eight enemies at once.


Message History

You constrict the hound. The hound misses you.
You hit the hound.
You kill the hound! 2 orcs come into view.
An orc comes into view. It is wielding a +0 hand axe.
An orc priest comes into view. It is wielding a +0 war axe.
The orc priest shouts!
The orc shouts! x2
You hit the orc. You grab the orc. You squeeze the orc.
The orc is almost dead.
You constrict the orc, but do no damage.
The orc hits you with a +0 flail.
You hit the orc.
You kill the orc!
The orc throws a boomerang.
The boomerang hits you. The orc hits you with a +0 whip.
The orc priest calls down the wrath of Beogh upon you.
Beogh smites you!
Things that are here:
a +0 flail; a +0 leather armour You slash the orc!
You kill the orc!
You slash the orc!
You kill the orc!
You barely miss the orc priest. You grab the orc priest.
You constrict the orc priest, but do no damage.
The orc priest closely misses you.
You hit the orc priest but do no damage.
You constrict the orc priest.
The orc priest hits you with a +0 war axe!
* * * LOW HITPOINT WARNING * * *
You hit the orc priest but do no damage.
You squeeze the orc priest, but do no damage.
The orc priest is moderately wounded.
You constrict the orc priest.
The orc priest hits you with a +0 war axe!
* * * LOW HITPOINT WARNING * * *
The orc priest mumbles some strange prayers to Beogh against you.
Beogh smites you!
You die...

#####........#.#.##
.............#....(
.............###...
.............# #...
.............# #...
........<....# #.
#####...........
###################
#....@o...... #.############ #.#
#.. #.# ###.######### #.# #
#.........†.. ###########.#
#.#.#.######### #.........#.#
#.#'#..........
##.######.#.######......########
#.##...................#


You could see an orc priest.

Vanquished Creatures
  2 scorpions (D:5)
  A wight (D:4)
  3 hounds (D:5)
  Jessica (D:3)
  Robin (D:2)
  3 adders
  2 worms (D:5)
  4 dart slugs
  6 orcs
  6 endoplasms
  4 giant cockroaches
  13 goblins
  11 hobgoblins
  6 kobolds
  3 quokkas
  5 ball pythons
  4 bats
  A frilled lizard (D:3)
  5 rats
81 creatures vanquished.

Notes
Turn   | Place    | Note
-------+----------+-------------------------------------------
     0 | D:5      | Azuregosa the Octopode Delver began the quest for the Orb.
     0 | D:5      | Reached XP level 1. HP: 16/16 MP: 1/1
   101 | D:5      | Noticed a sleepcap
   141 | D:5      | Noticed a scorpion
   149 | D:5      | Killed a scorpion
   150 | D:5      | Reached skill level 8 in Stealth
   150 | D:5      | Reached XP level 2. HP: 17/21 MP: 2/2
   150 | D:5      | Reached XP level 3. HP: 21/26 MP: 3/3
   150 | D:5      | Reached XP level 4. HP: 26/31 MP: 4/4
   288 | D:4      | Found a staircase to the Ecumenical Temple.
   291 | D:4      | Noticed a phantom
   324 | D:4      | Noticed a phantom
   337 | D:3      | HP: 1/31 [frozen (2)]
   553 | D:2      | Reached skill level 9 in Stealth
   660 | D:2      | Found Mareg's Weapon Boutique.
   949 | D:1      | Learned a level 2 spell: Blink
  1312 | D:1      | Reached XP level 5. HP: 33/36 MP: 5/5
  1551 | D:2      | Reached skill level 1 in Spellcasting
  1567 | D:2      | Noticed Terence
  1570 | D:2      | Noticed Robin
  1647 | D:3      | Found an ornate altar of the Wu Jian Council.
  1814 | D:3      | Found a hazy altar of Hepliaklqana.
  1819 | D:3      | Noticed Jessica
  1825 | D:3      | Killed Jessica
  1941 | D:3      | Became a worshipper of Hepliaklqana the Forgotten
  2011 | D:3      | Found a broken altar of Ashenzari.
  2045 | D:3      | Found a basalt altar of Yredelemnul.
  2157 | D:3      | Found a hide-covered altar of Uskayaw.
  2415 | D:2      | Killed Robin
  2799 | D:4      | Reached skill level 10 in Stealth
  2799 | D:4      | Reached XP level 6. HP: 24/42 MP: 9/9
  3105 | D:5      | Found an opulent altar of Gozag.
  3105 | D:5      | Found a sparkling altar of Nemelex Xobeh.
  3111 | D:5      | Reached skill level 1 in Translocations
  3274 | D:5      | HP: 2/42 [orc priest/+0 war axe (8)]
  3274 | D:5      | Killed from afar by an orc priest

Illustrated notes

Levels and vault maps discovered:
D:1:      saegor_arrival_simple_c, layout_loops_ring
D:2:      layout_basic, serial_shops, nicolae_shop_hallway_plus,
          kennysheep_generic_room_9, uniq_robin, uniq_terence
D:3:      layout_basic, mainiacjoe_overflow_boulevard,
          mainiacjoe_overflow_concentric_impassable,
          mainiacjoe_overflow_two_lobes, mainiacjoe_overflow_24_doors,
          uniq_jessica
D:4:      layout_basic, minmay_temple_entry_wispy,
          cheibrodos_sewer_entry_sluice, kennysheep_generic_room_10
D:5:      layout_basic, grunt_temple_overflow_opulence, uniq_eustachio

Skill      XL: |  1  2  3  4  5  6 |
---------------+-------------------+-----
Stealth        | 8 9 10 | 10.0
Spellcasting   | 2 |  2.9
Translocations | 1 |  1.2
Fighting       | |  3.4
Long Blades    | |  2.5
Dodging        | |  2.0

Action                     |  1- 3 |  4- 6 || total
---------------------------+-------+-------++-------
  Melee: Falchion          |    10 |   128 ||   138
         Tentacles         |     4 |    26 ||    30
         Constrict         |     2 |    37 ||    39
         Punch             |       |     1 ||     1
         Long sword        |       |    35 ||    35
  Evoke: Wand              |       |     4 ||     4
    Use: Scroll            |       |     5 ||     5
         Potion            |       |     1 ||     1
   Stab: Sleeping          |       |    34 ||    34
         Distracted        |       |     1 ||     1
 Armour: Skin              |     2 |    71 ||    73
  Dodge: Dodged            |     7 |    88 ||    95

Table legend: (Time is in decaauts)
 A = Elapsed time spent in this place.
 B = Non-inter-level travel time spent in this place.
 C = Inter-level travel time spent in this place.
 D = Time resting spent in this place.
 E = Time spent auto-exploring this place.
 F = Levels seen in this place.
 G = Mean time per level.
                   A        B        C        D        E       F      G
               +--------+--------+--------+--------+--------+-----+--------+
         Total |   3293 |   3213 |     80 |    289 |   1772 |   5 |  658.6 |
       Dungeon |   3293 |   3213 |     80 |    289 |   1772 |   5 |  658.6 |
               +--------+--------+--------+--------+--------+-----+--------+

Top non-repeatable levels by time:
     D:3: 919 daAuts
     D:2: 725 daAuts
     D:5: 715 daAuts
     D:1: 642 daAuts
     D:4: 290 daAuts
